 Dungeon Crawl Stone Soup version 0.28-a0-172-g787e458d71 (webtiles) character file.

Game seed: 15165143270149780757

2083 rogsnak the Thaumaturge (level 9, -1/58 HPs)
             Began as a Djinni Fire Elementalist on Aug 17, 2021.
             Slain by a killer bee (5 damage)
             ... on level 7 of the Dungeon.
             The game lasted 00:09:41 (7715 turns).

rogsnak the Thaumaturge (Djinni Fire Elementalist)  Turns: 7715, Time: 00:09:42

Health: -1/58      AC:  5    Str:  7    XL:     9   Next: 51%
Gold:   382        EV: 17    Int: 20    God:
                   SH:  0    Dex: 14

rFire   + + .      SeeInvis .   i - +0 hand axe (elec)
rCold   . . .      Faith    .   (no shield)
rNeg    . . .      Spirit   .   n - +2 robe {Will+}
rPois   ∞          Reflect  .   (no helmet)
rElec   .          Harm     .   L - +0 cloak {rPois}
rCorr   .          Rampage  .   (no gloves)
Will    +....                   (boots unavailable)
Stlth   ++........              v - amulet of the acrobat
HPRegen 0.19/turn               k - ring of protection from cold
MPRegen 0.00/turn               y - +4 ring of evasion

@: flying
A: sickness immunity, fire resistance 2, cold vulnerability 1, float, innate
caster, hp casting, extra vitality 1
a: no special abilities


You were on level 7 of the Dungeon.
You visited 1 branch of the dungeon, and saw 7 of its levels.

You collected 382 gold pieces.

Inventory:

Hand Weapons
 c - a +0 dagger
 d - a +0 hand axe
 i - a +0 hand axe of electrocution (weapon)
 p - a +2 mace of holy wrath
 K - a +4 quarterstaff of chaos
 P - a +3 long sword of freezing
Missiles
 e - 81 stones
 f - 4 atropa-tipped darts
 g - 60 bolts
 h - 67 sling bullets
 r - 85 arrows
 z - 5 boomerangs
 D - 33 poisoned darts
 I - 7 javelins
Armour
 a - a +0 robe
 n - a +2 robe of willpower (worn)
 H - a +2 robe of positive energy
 L - a +0 cloak of poison resistance (worn)
Jewellery
 k - a ring of protection from cold (left hand)
 v - an amulet of the acrobat (around neck)
 y - a +4 ring of evasion (right hand)
 F - a ring of protection from cold
 N - a ring of ice
Wands
 B - a wand of flame (27)
 E - a wand of digging (5)
 O - a wand of paralysis (12)
Scrolls
 j - a scroll of blinking {unknown}
 l - a scroll of acquirement {unknown}
 m - 5 scrolls of teleportation {unknown}
 o - 2 scrolls of torment {unknown}
 q - 2 scrolls of enchant weapon {unknown}
 s - a scroll of noise {unknown}
 t - 2 scrolls of magic mapping {unknown}
 A - 4 scrolls of identify {unknown}
 G - a scroll of holy word {unknown}
 M - a scroll of brand weapon {unknown}
 Q - a scroll of vulnerability {unknown}
Potions
 b - 6 potions of curing {unknown}
 u - a potion of cancellation {unknown}
 w - 2 potions of might {unknown}
 x - a potion of heal wounds {unknown}
 C - 4 potions of ambrosia {unknown}
 J - 3 potions of flight {unknown}
 R - a potion of magic {unknown}


   Skills:
 + Level 1.9 Fighting
 + Level 3.4 Dodging
 - Level 2.0 Stealth
 + Level 9.1 Spellcasting


You had 2 spell levels left.
You knew the following spells:

 Your Spells              Type           Power      Damage    Failure   Level
a - Foxfire               Conj/Fire      100%       2x1d9     1%          1
b - Conjure Flame         Conj/Fire      45%        6-21      1%          3
c - Inner Flame           Hex/Fire       45%        N/A       1%          3
d - Sticky Flame          Conj/Fire      45%        2d6       1%          4
e - Fireball              Conj/Fire      22%        3d10      4%          5
f - Corona                Hex            50%        N/A       1%          1
g - Blink                 Tloc           N/A        N/A       1%          2
h - Slow                  Hex            45%        N/A       1%          2
i - Teleport Other        Tloc           45%        N/A       1%          3
Your spell library was empty.

Dungeon Overview and Level Annotations

Branches:
Dungeon (7/15)
 Temple: D:4-7

Altars:
Hepliaklqana
Kikubaaqudgha
Okawaru
Ru

Shops:
D:5 *


Innate Abilities, Weirdness & Mutations

You are immune to sickness and miasma.
You are immune to poison.
Your flesh is very heat resistant. (rF++)
You are vulnerable to cold. (rC-)
You float through the air rather than walking.
You learn spells naturally, not from books.
Your magical power is your life essence.
You have superior vitality. (+4 HP)


Message History

Aim: a killer bee (100% to hit)
The sticky flame hits the killer bee!
The killer bee is heavily wounded.
The killer bee is covered in liquid flames!
* * * LOW HITPOINT WARNING * * *
The killer bee burns!
The killer bee closely misses you. x2
You hit the killer bee.
You kill the killer bee!
The killer bee closely misses you. The killer bee completely misses you.
Unknown command.
Casting: Sticky Flame (dangerous; 1% risk of failure)
Confirm with . or Enter, or press ? or * to list all spells.
Aiming: Sticky Flame (dangerous; 1% risk of failure)
Press: ? - help, Shift-Dir - straight line, f - killer bee
Aim: a killer bee (heavily wounded, 100% to hit)
The sticky flame hits the killer bee.
The killer bee is severely wounded.
The killer bee is covered in liquid flames!
* * * LOW HITPOINT WARNING * * *
The killer bee burns!
The killer bee misses you. x2
You barely miss the killer bee.
The killer bee is severely wounded.
The killer bee burns!
You kill the killer bee!
The killer bee completely misses you. The killer bee misses you.
Unknown command.
You closely miss the killer bee. The killer bee stings you.
* * * LOW HITPOINT WARNING * * *
The killer bee completely misses you.
Unknown command.
Casting: Sticky Flame (dangerous; 1% risk of failure)
Confirm with . or Enter, or press ? or * to list all spells.
You don't have enough health to cast this spell.
Unknown command.
Aiming: Paralyse
Press: ? - help, Shift-Dir - straight line, f - killer bee
Aim: a killer bee (chance to affect: 54%)
The killer bee resists with significant effort.
The killer bee barely misses you. The killer bee stings you.
You die...

#.# #.# # #.#
....######.##
........†...#
.##.######..#
#..#
#.######..##
#.....@yy>.#
########...#
#...# #...#
#...#
#########...#
............#
............#
########.####


You could see 2 killer bees.

Vanquished Creatures
  4 vampire mosquitoes (D:6)
  Edmund (D:6)
  A black bear (D:5)
  A necrophage (D:5)
  2 ogres
  Blork the orc (D:5)
  4 killer bees (D:7)
  4 wights (D:6)
  A bullfrog zombie (D:5)
  2 hounds
  2 orc priests
  2 centaur skeletons (D:4)
  Crazy Yiuf (D:5)
  Jessica (D:2)
  Ijyb (D:4)
  10 orc wizards
  A howler monkey zombie (D:7)
  3 gnolls (D:3)
  2 adders
  2 howler monkey skeletons
  2 shadow imps (D:6)
  2 white imps
  3 worms
  19 orcs
  3 bats
  7 endoplasms
  2 giant cockroaches (D:4)
  4 hobgoblins
  2 kobolds (D:2)
  5 quokkas
  A ball python (D:3)
  2 frilled lizards
  4 goblins
  3 rats
105 creatures vanquished.

Vanquished Creatures (others)
  404 foxfires
  A fungus (D:5)
405 creatures vanquished.

Grand Total: 510 creatures vanquished

Notes
Turn   | Place    | Note
-------+----------+-------------------------------------------
     0 | D:1      | rogsnak the Djinni Fire Elementalist began the quest for
                  | the Orb.
     0 | D:1      | Reached XP level 1. HP: 15/15 MP: 0/0
   643 | D:1      | Reached XP level 2. HP: 18/21 MP: 0/0
  1578 | D:2      | Noticed Jessica
  1583 | D:2      | Killed Jessica
  1584 | D:2      | Reached skill level 3 in Spellcasting
  1584 | D:2      | Reached XP level 3. HP: 21/25 MP: 0/0
  1584 | D:2      | Learned a level 1 spell: Corona
  2265 | D:3      | Reached XP level 4. HP: 28/31 MP: 0/0
  2646 | D:3      | Reached skill level 4 in Spellcasting
  2646 | D:3      | Reached XP level 5. HP: 30/35 MP: 0/0
  2646 | D:3      | Learned a level 2 spell: Blink
  3796 | D:4      | Noticed an ogre
  3800 | D:4      | Killed an ogre
  3801 | D:4      | Reached XP level 6. HP: 37/40 MP: 0/0
  4017 | D:4      | Reached skill level 5 in Spellcasting
  4077 | D:4      | Noticed Ijyb
  4091 | D:4      | Killed Ijyb
  4337 | D:4      | Found a hazy altar of Hepliaklqana.
  4567 | D:5      | Entered Level 5 of the Dungeon
  4598 | D:5      | Noticed Blork the orc
  4622 | D:5      | Reached XP level 7. HP: 36/45 MP: 0/0
  4622 | D:5      | Learned a level 2 spell: Slow
  4747 | D:5      | Killed Blork the orc
  4755 | D:5      | Reached skill level 6 in Spellcasting
  5248 | D:5      | Reached XP level 8. HP: 45/51 MP: 0/0
  5764 | D:5      | Found Fulioh's CLEARANCE SALE! EVERYTHING MUST GO!.
  6030 | D:5      | Found a runed translucent door.
  6031 | D:5      | Noticed Crazy Yiuf
  6036 | D:5      | Killed Crazy Yiuf
  6258 | D:6      | Reached skill level 1 in Fighting
  6285 | D:6      | Noticed Edmund
  6299 | D:6      | Killed Edmund
  6300 | D:6      | Reached skill level 7 in Spellcasting
  6428 | D:6      | Found a sacrificial altar of Ru.
  6454 | D:6      | Found an iron altar of Okawaru.
  7238 | D:6      | Reached skill level 8 in Spellcasting
  7238 | D:6      | Reached XP level 9. HP: 48/58 MP: 0/0
  7238 | D:6      | Learned a level 3 spell: Teleport Other
  7701 | D:7      | Reached skill level 9 in Spellcasting
  7715 | D:7      | Slain by a killer bee

Illustrated notes

Levels and vault maps discovered:
D:1:      dpeg_arrival_concentric_ovals, layout_basic
D:2:      layout_basic, uniq_jessica
D:3:      layout_basic
D:4:      layout_basic, amethyst_overflow_temple_binary, uniq_ijyb
D:5:      layout_layer_cave, solitary_fountain, nicolae_shop_clearance,
          uniq_blork_the_orc, uniq_crazy_yiuf_cottage
D:6:      minmay_flawed_box, layout_loops_cross, mainiacjoe_overflow_swirl,
          grunt_ministairs_1, uniq_edmund
D:7:      layout_loops_ring, temple_green

Skill      XL: |  1  2  3  4  5  6  7  8  9 |
---------------+----------------------------+-----
Spellcasting   | 3 4 5 6 8 9 |  9.1
Stealth        | 2 |  2.0
Dodging        | 3 |  3.4
Fighting       | 1 |  1.9

Action                   |  1- 3 |  4- 6 |  7- 9 || total
-------------------------+-------+-------+-------++-------
Melee: Hand axe          |     6 |    11 |    23 ||    40
 Cast: Foxfire           |    43 |    98 |   105 ||   246
       Sticky Flame      |       |     1 |    15 ||    16
       Fireball          |       |       |     5 ||     5
Evoke: Wand              |       |       |     1 ||     1
Armor: Robe              |     2 |     1 |     5 ||     8
Dodge: Dodged            |     5 |     8 |    62 ||    75

Table legend: (Time is in decaauts)
 A = Elapsed time spent in this place.
 B = Non-inter-level travel time spent in this place.
 C = Inter-level travel time spent in this place.
 D = Time resting spent in this place.
 E = Time spent auto-exploring this place.
 F = Levels seen in this place.
 G = Mean time per level.
                   A        B        C        D        E       F      G
               +--------+--------+--------+--------+--------+-----+--------+
         Total |   7723 |   7595 |    128 |    153 |   6635 |   7 | 1103.3 |
       Dungeon |   7723 |   7595 |    128 |    153 |   6635 |   7 | 1103.3 |
               +--------+--------+--------+--------+--------+-----+--------+

Top non-repeatable levels by time:
     D:5: 1545 daAuts
     D:6: 1527 daAuts
     D:1: 1334 daAuts
     D:4: 1228 daAuts
     D:3: 1079 daAuts
     D:2: 926 daAuts
     D:7: 81 daAuts
